Map: Ascension to Aiur LE

Players

TRUE

  • Race: Zerg Zerg
  • Spawn Location: 5:00

Elazer - Winner!

  • Race: Zerg Zerg
  • Spawn Location: 11:00

Event: WCS Valencia 2017

VOD

Have the link to the VOD?

Description

Time

  • Played on: July 15, 2017, 10:38 a.m.
  • Length: 3:39

All games in this series

Show
View Real Time Build Order
Export as new Build Order

TRUE Zerg 

Build Orders: Hatch First 

Get SALT Encoding   

  12  0:01  Drone  
  13  0:12  Overlord  
  13  0:17  Drone  
  14  0:31  Drone x2  
  14  0:34  Drone  
  17  0:52  Hatchery  
  17  0:55  Drone  
  17  0:57  Drone  
  18  1:04  Extractor  
  17  1:13  Spawning Pool  
  17  1:16  Drone  
  17  1:19  Drone  
  18  1:29  Drone  
  19  1:38  Overlord  
  19  2:00  Queen  
  21  2:03  Queen  
  21  2:05  Metabolic Boost  
  21  2:07  Zergling x2  
  24  2:13  Drone  
  25  2:23  Drone  
  25  2:29  Baneling Nest  
  25  2:32  Zergling x2  
  25  2:33  Zergling x8  
  25  2:36  Zergling x2  
  30  2:44  Zergling x2  
  30  2:46  Zergling x2  
  28  2:54  Zergling x2  
  25  3:00  Zergling x2  
  25  3:05  Zergling x2  
  25  3:09  Zergling x2  
  21  3:18  Zergling x2  
  21  3:19  Zergling x2  
Show
View Real Time Build Order
Export as new Build Order

Elazer Zerg - Winner!

Build Orders: Pool Only 

Get SALT Encoding   

  12  0:00  Drone  
  13  0:11  Extractor  
  12  0:24  Spawning Pool  
  12  0:28  Drone  
  12  0:33  Drone  
  13  0:38  Drone  
  14  0:50  Overlord  
  14  1:12  Queen, Metabolic Boost  
  14  1:17  Zergling x2  
  17  1:21  Zergling x2  
  18  1:26  Zergling x2  
  18  1:31  Zergling x2  
  20  1:42  Baneling Nest  
  20  1:45  Zergling x2  
  20  1:50  Zergling x2  
  21  2:00  Overlord  
  21  2:14  Zergling x2  
  22  2:21  Zergling x6  
  25  2:26  Zergling x2  
  26  2:32  Baneling  
  26  2:35  Zergling x2  
  27  2:44  Baneling  
  27  2:49  Zergling x2  
  26  3:00  Zergling x6  
  26  3:03  Baneling  
  26  3:20  Zergling x4  
Tags
 
Add a new tag
Caveats
  • Supply blocks, unpowered buildings, or Contaminate may cause inaccurate times.
  • Supply counts are checked every 10 seconds.